[Event "Team 45 45 League T88"]
[Site "Internet Chess Club"]
[Date "2021.05.16"]
[Round "6"]
[White "kabubi"]
[Black "dwmt"]
[Result "0-1"]
[WhiteElo "1106"]
[BlackElo "1184"]
[Opening "Owen defense"]
[ECO "B00"]
[Time "19:00:36"]
[TimeControl "2700+45"]

1. e4 b6 2. d4 Bb7 3. Nc3 e6 4. g3 Nc6 5. Nge2 g6 6. Bg2 d6 7. O-O Bg7 8. Re1
Nge7 9. a3 Qd7 10. f4 O-O-O 11. Be3 f5 12. e5 d5 13. Na4 Na5 14. Nac3 Nc4 15.
Bc1 Na5 16. Bd2 Nac6 17. b4 a6 18. Bf1 b5 19. Nc1 Nxd4 20. a4 bxa4 21. Rxa4 Nf3+
22. Qxf3 d4 23. Bxa6 Qc6 24. Qxc6 Nxc6 25. Nb5 Kb8 26. Nb3 Bf8 27. Nc5 Bxc5 28.
bxc5 Rd5 29. Bxb7 Kxb7 30. Ba5 Rxc5 31. Rb1 Nxa5 32. Rxa5 Kc6 33. Na7+ Kd5 34.
Rbb5 Rxb5 35. Rxb5+ c5 36. Rb7 c4 37. Rb5+ Ke4 38. Kf2 d3 39. cxd3+ Kxd3 40. Rb1
c3 41. Rd1+ Kc2 42. Ke2 Rb8 43. Nc6 Rc8 44. Nd4+ Kb2 45. Nxe6 c2 46. Rd2 Kb1
{White resigns} 0-1

[Event "Team 45 45 League T88"]
[Site "Internet Chess Club"]
[Date "2021.05.17"]
[Round "6"]
[White "julesraider"]
[Black "Andressa"]
[Result "1-0"]
[WhiteElo "1551"]
[BlackElo "1339"]
[Opening "QGD: Ragozin variation"]
[ECO "D38"]
[Time "20:00:24"]
[TimeControl "2700+45"]

1. d4 d5 2. c4 e6 3. Nf3 Nf6 4. Nc3 Bb4 5. Bg5 Bxc3+ 6. bxc3 O-O 7. e3 h6 8. Bh4
Nc6 9. Be2 Re8 10. O-O dxc4 11. Bxc4 a6 12. a4 Na5 13. Be2 Qd5 14. Bxf6 gxf6 15.
Nd2 Qg5 16. f4 Qg7 17. Rf3 Qh7 18. e4 f5 19. Bd3 Nc6 20. Rh3 f6 21. Qh5 Ne7 22.
Qxe8+ {Black resigns} 1-0

[Event "Team 45 45 League T88"]
[Site "Internet Chess Club"]
[Date "2021.05.14"]
[Round "6"]
[White "RoyalFizzbin"]
[Black "Toalla"]
[Result "1/2-1/2"]
[WhiteElo "1263"]
[BlackElo "1128"]
[Opening "Vienna: Paulsen-Mieses variation"]
[ECO "C26"]
[Time "17:00:19"]
[TimeControl "2700+45"]

1. e4 e5 2. Nc3 Nf6 3. g3 b6 4. Bg2 Bb7 5. d3 d5 6. exd5 Nxd5 7. Nxd5 Bxd5 8.
Bxd5 Qxd5 9. Qf3 Qxf3 10. Nxf3 Nc6 11. a3 Be7 12. Bd2 O-O 13. O-O-O a5 14. Rhe1
f6 15. Bc3 Rfe8 16. d4 exd4 17. Nxd4 Nxd4 18. Bxd4 c5 19. Be3 Rad8 {Game drawn
by mutual agreement} 1/2-1/2

[Event "Team 45 45 League T88"]
[Site "Internet Chess Club"]
[Date "2021.05.13"]
[Round "6"]
[White "Balderdash"]
[Black "howah45"]
[Result "0-1"]
[WhiteElo "1187"]
[BlackElo "1143"]
[Opening "Caro-Kann: advance variation"]
[ECO "B12"]
[Time "14:00:27"]
[TimeControl "2700+45"]

1. e4 c6 2. d4 d5 3. e5 Bf5 4. Bd2 e6 5. Nf3 c5 6. a3 Nc6 7. Bg5 Be7 8. h4 f6 9.
exf6 Nxf6 10. dxc5 Bxc5 11. b4 Be7 12. b5 Nb8 13. Ne5 Nbd7 14. g4 Be4 15. f3
Nxe5 16. Bxf6 Bxf3 17. Qd4 Bxf6 18. g5 Bxh1 19. gxf6 Nf3+ 20. Kf2 Nxd4 21. c3
Qxf6+ 22. Ke3 Qe5+ 23. Kd2 Qf4+ 24. Kd3 Qe4+ 25. Kd2 Nb3+ 26. Kd1 Bf3+ 27. Be2
Qxe2# {White checkmated} 0-1

[Event "Team 45 45 League T88"]
[Site "Internet Chess Club"]
[Date "2021.05.17"]
[Round "6"]
[White "oldbookseller"]
[Black "WzeroMN"]
[Result "0-1"]
[WhiteElo "903"]
[BlackElo "1060"]
[Opening "Queen's pawn game"]
[ECO "D02"]
[Time "13:31:40"]
[TimeControl "2700+45"]

1. d4 d5 2. Nf3 h6 3. e3 Nf6 4. Bd3 e6 5. Nbd2 c5 6. b3 cxd4 7. exd4 Be7 8. O-O
O-O 9. Ne5 Nc6 10. Bb2 Bd6 11. Ndf3 Nd7 12. Ng4 f5 13. Nxh6+ gxh6 14. Bc1 f4 15.
c4 Nb4 16. Re1 Nxd3 17. Qxd3 Qf6 18. Bd2 Qf5 19. Qe2 Rf6 20. Nh4 Qg5 21. g3 f3
22. Bxg5 fxe2 23. Bxf6 Nxf6 24. Ng6 Bd7 25. c5 Bf8 26. Ne5 b6 27. Nxd7 Nxd7 28.
Rxe2 bxc5 29. Rxe6 cxd4 30. Rae1 d3 31. Rg6+ Kf7 32. Rg4 d2 33. Rd1 Bb4 34. Rf4+
Ke6 35. Rxb4 Ne5 36. Rxd2 Nf3+ 37. Kg2 Nxd2 38. f4 Ne4 39. Kf3 Nd2+ 40. Ke3 Ne4
41. Rxe4+ dxe4 42. Kxe4 Re8 43. g4 Rg8 44. f5+ Kf6 45. h4 Rxg4+ 46. Kd5 Rxh4 47.
b4 Kxf5 48. b5 Ra4 49. b6 axb6 {White resigns} 0-1

[Event "Team 45 45 League T88"]
[Site "Internet Chess Club"]
[Date "2021.05.13"]
[Round "6"]
[White "MrAbendroth"]
[Black "Redman1"]
[Result "1-0"]
[WhiteElo "1716"]
[BlackElo "1549"]
[Opening "French: Winawer, advance, 6...Ne7"]
[ECO "C18"]
[Time "08:15:23"]
[TimeControl "2700+45"]

1. e4 e6 2. d4 d5 3. Nc3 Bb4 4. e5 c5 5. a3 Bxc3+ 6. bxc3 Ne7 7. Bd3 Qc7 8. Nf3
Nbc6 9. O-O Bd7 10. Re1 c4 11. Bf1 O-O 12. Bg5 Qa5 13. Qd2 Qa4 14. Reb1 Rab8 15.
Bf4 Ng6 16. Bg3 Nce7 17. Nh4 Nxh4 18. Bxh4 Nf5 19. Bg5 h6 20. Rb4 Qa5 21. Bf4
Kh7 22. h3 Bc6 23. Be2 Qc7 24. Rab1 b5 25. g4 Ne7 26. Bg3 g6 27. h4 Kg7 28. g5
hxg5 29. Qxg5 Nf5 30. Qf6+ Kg8 31. Bh2 Qe7 32. h5 Qxf6 33. exf6 Ra8 34. hxg6
fxg6 35. Be5 Kf7 36. Bg4 Nh6 37. Bh3 Ng8 38. Re1 Rfe8 39. Re3 Nh6 40. Rb1 Nf5
41. Bxf5 gxf5 42. Rg3 Rg8 43. Rg7+ Rxg7+ 44. fxg7 Rg8 45. Kg2 Kg6 46. Kg3 Be8
47. Kf4 a6 48. Rg1+ Kf7 49. Kg5 Bd7 50. Kh6 Be8 51. Kh7 Bd7 52. Rg6 {Black
resigns} 1-0

[Event "Team 45 45 League T88"]
[Site "Internet Chess Club"]
[Date "2021.05.16"]
[Round "6"]
[White "borfin"]
[Black "RD1974"]
[Result "1-0"]
[WhiteElo "1575"]
[BlackElo "1509"]
[Opening "Dutch defense"]
[ECO "A40"]
[Time "18:00:29"]
[TimeControl "2700+45"]

1. d4 e6 2. c4 f5 3. g3 c6 4. Bg2 d5 5. cxd5 exd5 6. Nf3 Bd6 7. Nc3 Nf6 8. O-O
O-O 9. Bg5 Qe8 10. Qd2 Ne4 11. Nxe4 fxe4 12. Nh4 Nd7 13. f3 Nf6 14. Bxf6 e3 15.
Qd3 Rxf6 16. f4 Bb4 17. Nf3 Bf5 18. Qb3 Bd2 19. Rad1 Bg4 20. Rb1 Rh6 21. Qd1 Qh5
22. h4 Rg6 23. Kh2 Rf8 24. Rg1 Rxf4 25. Nxd2 Bxe2 26. Qe1 exd2 27. Qxd2 Rxh4+
28. gxh4 Qxh4+ 29. Bh3 Qf2+ 30. Rg2 Rxg2+ 31. Bxg2 Qh4+ 32. Kg1 Bh5 33. Qf2 Qd8
34. Rf1 h6 35. Qf4 a5 36. a3 a4 37. Re1 Bg6 38. Qe5 Qh4 39. Re3 Qd8 40. Bh3 Be4
41. Rg3 Qf8 42. Bg2 Bc2 43. Kh2 Bb3 44. Qh5 Kh8 45. Qg6 Bc4 46. Bf3 Bf1 47. Kg1
Bc4 48. Kf2 c5 49. dxc5 Qxc5+ 50. Kg2 Qd4 51. Qe8+ Kh7 52. Qg6+ Kg8 53. Qc2 Bb3
54. Qc3 {Black resigns} 1-0

[Event "Team 45 45 League T88"]
[Site "Internet Chess Club"]
[Date "2021.05.16"]
[Round "6"]
[White "WillC"]
[Black "Chess4Him"]
[Result "0-1"]
[WhiteElo "1464"]
[BlackElo "1542"]
[Opening "Queen's pawn game"]
[ECO "D00"]
[Time "11:01:10"]
[TimeControl "2700+45"]

1. d4 d5 2. g3 Nf6 3. Bg2 c6 4. Nf3 Bf5 5. O-O e6 6. b3 Bd6 7. Bb2 Nbd7 8. Nbd2
h6 9. c4 O-O 10. Rc1 a5 11. a3 b6 12. Ne5 Rc8 13. Re1 Re8 14. Ndf3 Ne4 15. cxd5
Nxe5 16. dxe5 Bc5 17. Rxc5 Nxc5 18. d6 b5 19. Nd4 Be4 20. f3 Bg6 21. b4 axb4 22.
axb4 Na4 23. Ba1 Nb6 24. e4 Nd7 25. f4 Qb6 26. Kh1 c5 27. bxc5 Rxc5 28. f5 Bh7
29. f6 Rec8 30. fxg7 Rc1 31. Qd2 Rxe1+ 32. Qxe1 Kxg7 33. Qd1 Bg6 34. h4 h5 35.
Bf3 Qc5 36. Bb2 Qb4 37. Qe2 Rc4 38. Qf2 Qc5 39. Kh2 Nxe5 40. Nxe6+ fxe6 41. Qxc5
Rxc5 42. Bxe5+ Kf8 43. Bf6 Ke8 44. Be7 Kd7 45. g4 hxg4 46. Bxg4 Bxe4 47. Bd1 b4
48. Ba4+ Bc6 49. Bd1 Rc3 50. h5 b3 51. Bf6 Rd3 52. Bg4 Kxd6 53. h6 Be4 54. Bg7
e5 55. Bf8+ Kd5 56. Bh5 b2 57. Bf7+ Kd4 58. Ba2 Rd1 59. h7 Bxh7 {White resigns}
0-1

[Event "Team 45 45 League T88"]
[Site "Internet Chess Club"]
[Date "2021.05.15"]
[Round "6"]
[White "mongmong"]
[Black "sdcohle"]
[Result "1/2-1/2"]
[WhiteElo "1576"]
[BlackElo "1313"]
[Opening "QGA, 4.e3"]
[ECO "D25"]
[Time "14:04:27"]
[TimeControl "2700+45"]

1. d4 d5 2. Nf3 Nf6 3. c4 dxc4 4. e3 a6 5. Bxc4 b5 6. Bd3 e6 7. O-O Bb7 8. Qe2
Nbd7 9. a4 b4 10. e4 c5 11. d5 exd5 12. exd5+ Qe7 13. Qc2 Qd6 14. Nbd2 Bxd5 15.
Re1+ Be7 16. Ne4 Nxe4 17. Bxe4 Nf6 18. Bxd5 Qxd5 19. Bg5 Qc6 20. Nd4 Qb6 21. Nf5
Ra7 22. Nxg7+ Kf8 23. Nf5 Nd5 24. Bh6+ Ke8 25. Qc4 Qc6 26. Rad1 Rd7 27. Qe4 Rg8
28. Bc1 Rg6 29. Ne3 Nxe3 30. Qxc6 Rxc6 31. Rxd7 Kxd7 32. Bxe3 c4 33. Kf1 Bf6 34.
Rd1+ Rd6 35. Rxd6+ Kxd6 36. Bc1 Kd5 37. Ke2 c3 38. bxc3 Bxc3 39. Kd3 a5 40. f4
f5 41. h3 h5 42. Be3 Kc6 43. Kc4 Bf6 44. Bd2 Ba1 45. Be3 Bf6 46. Bd2 Ba1 47. Be3
Bf6 {Game drawn by repetition} 1/2-1/2

[Event "Team 45 45 League T88"]
[Site "Internet Chess Club"]
[Date "2021.05.15"]
[Round "6"]
[White "nidusin2"]
[Black "julesraider"]
[Result "1-0"]
[WhiteElo "1675"]
[BlackElo "1543"]
[Opening "Grünfeld: Grünfeld gambit"]
[ECO "D83"]
[Time "21:01:04"]
[TimeControl "2700+45"]

1. d4 Nf6 2. Bf4 g6 3. c4 Bg7 4. Nc3 d5 5. e3 O-O 6. h4 h5 7. Bd3 c6 8. Nf3 Bg4
9. Qb3 Qc8 10. cxd5 cxd5 11. Nxd5 Nxd5 12. Qxd5 Be6 13. Qc5 Qxc5 14. dxc5 Bxb2
15. Rb1 Bc3+ 16. Ke2 Bd5 17. e4 Bxa2 18. Rxb7 Nc6 19. Rc1 e5 20. Rxc3 exf4 21.
Ra3 Be6 22. Bb5 Rfc8 23. Bxc6 Bc4+ 24. Kd2 Rxc6 25. Ra5 Ba6 26. Rd7 Re6 27. Nd4
Bc8 28. Nxe6 Bxd7 29. Nxf4 a6 30. Nd5 Bb5 31. c6 Bxc6 32. Ne7+ Kg7 33. Nxc6 Kf6
34. Ke3 Ke6 35. Nb4 Rb8 36. Rxa6+ Kd7 37. Nd5 Rb3+ 38. Kf4 Rb2 39. Kg3 Re2 40.
f3 Ke8 41. Ra7 Rd2 42. Nf6+ Kf8 43. e5 Rd8 44. Ra2 Ke7 45. f4 Rd3+ 46. Kf2 Ke6
47. Re2 Kf5 48. Re3 Rd2+ 49. Kf3 Rd4 50. g3 Rd1 51. Ke2 Ra1 52. Rd3 Ra2+ 53. Kf3
Rh2 54. Rd7 Ke6 55. Ra7 Rd2 56. Ke3 Rd1 57. Ne4 Re1+ 58. Kf3 Kd5 59. Ng5 Rf1+
60. Kg2 Rb1 61. Nxf7 Ke4 62. Ng5+ Ke3 63. e6 Rb2+ 64. Kh3 Rb1 65. Ra3+ Kf2 66.
Ra2+ Ke3 67. e7 Rb8 68. Ra6 Kf2 69. Ne4+ Kf3 70. Re6 Rb1 71. Kh2 Rb2+ 72. Kh3
Rg2 73. Ng5+ Kf2 74. Re2+ Kxe2 75. Kxg2 {Black resigns} 1-0

[Event "Team 45 45 League T88"]
[Site "Internet Chess Club"]
[Date "2021.05.15"]
[Round "6"]
[White "kabindra"]
[Black "Insan996"]
[Result "1-0"]
[WhiteElo "1652"]
[BlackElo "1590"]
[Opening "Caro-Kann: advance variation"]
[ECO "B12"]
[Time "17:02:47"]
[TimeControl "2700+45"]

1. e4 c6 2. d4 d5 3. e5 Bf5 4. Ne2 e6 5. Ng3 Bg6 6. h4 h6 7. h5 Bh7 8. Bd3 Bxd3
9. cxd3 c5 10. dxc5 Bxc5 11. d4 Bb4+ 12. Nc3 Ne7 13. Qg4 g6 14. O-O g5 15. f4
Rg8 16. f5 Qd7 17. fxe6 Qxe6 18. Qe2 Qb6 19. Be3 Nbc6 20. Rf6 Nxd4 21. Qf2 Nec6
22. a3 Be7 23. Rxf7 O-O-O 24. Nf5 Rgf8 25. Nxe7+ Nxe7 26. Rxf8 {Black resigns}
1-0

[Event "Team 45 45 League T88"]
[Site "Internet Chess Club"]
[Date "2021.05.14"]
[Round "6"]
[White "fireball"]
[Black "RoyalFizzbin"]
[Result "1-0"]
[WhiteElo "1520"]
[BlackElo "1269"]
[Opening "Caro-Kann: exchange variation"]
[ECO "B13"]
[Time "11:02:28"]
[TimeControl "2700+45"]

1. e4 c6 2. d4 d5 3. exd5 cxd5 4. Nf3 Nc6 5. Nc3 Bg4 6. Be2 e6 7. Bf4 Bd6 8. Bg3
a6 9. a3 b5 10. O-O Rc8 11. Qd3 Nf6 12. Ne5 Bxe2 13. Nxe2 O-O 14. f4 Ne4 15. c3
f6 16. Ng4 Qd7 17. Nf2 f5 18. Nh3 h6 19. Rad1 Be7 20. Qf3 Qe8 21. Nf2 Qg6 22.
Nd3 h5 23. Ne5 Nxe5 24. dxe5 h4 25. Be1 Kf7 26. Nd4 Rh8 27. Qd3 h3 28. g3 Bh4
29. Kh1 Be7 30. Qf3 Rh7 31. Rg1 Qh5 32. g4 fxg4 33. Qxg4 Qxg4 34. Rxg4 g6 35.
Bg3 Bxa3 36. bxa3 Rxc3 37. Be1 Rc4 38. Nf3 Rg7 39. Kg1 Rc2 40. Ng5+ Ke7 41. Bb4+
Kd7 42. Nxe4 {Black resigns} 1-0

[Event "Team 45 45 League T88"]
[Site "Internet Chess Club"]
[Date "2021.05.15"]
[Round "6"]
[White "Toalla"]
[Black "smsxman"]
[Result "1-0"]
[WhiteElo "1154"]
[BlackElo "1363"]
[Opening "Queen's pawn"]
[ECO "A40"]
[Time "13:01:08"]
[TimeControl "2700+45"]

1. d4 e6 2. a3 c5 3. c3 cxd4 4. cxd4 Nf6 5. Bf4 Nc6 6. e3 d5 7. h3 Bd7 8. Bd3
Qa5+ 9. Qd2 Bb4 10. Nc3 Bxc3 11. Qxc3 Qxc3+ 12. bxc3 Rc8 13. Rc1 a6 14. Ne2 O-O
15. O-O Na5 16. Rb1 b5 17. Bd6 Rfe8 18. Bb4 Nc4 19. Rfe1 a5 20. Bxc4 axb4 21.
Bd3 bxc3 22. Rec1 Ne4 23. Bxe4 dxe4 24. Rxc3 h6 25. Rbc1 Ra8 26. Rb3 Rab8 27.
Rbc3 b4 28. axb4 Rxb4 29. Rc5 f5 30. Rc7 Ba4 31. Nf4 e5 32. Nd5 Rb5 33. Ne7+ Kf8
34. Ng6+ Kg8 35. Nxe5 Rb2 36. Ng6 Reb8 37. Ne7+ Kf8 38. Nxf5 g5 39. Nxh6 Re2 40.
Rc8+ Rxc8 41. Rxc8+ Ke7 42. d5 Bb3 43. Nf5+ Kd7 44. Nd4 Re1+ 45. Kh2 Bxd5 46.
Rc5 Kd6 47. Ra5 Rf1 48. Kg3 Rg1 49. Ne2 Rd1 50. Nc3 Rd3 51. Nxd5 Rxd5 52. Rxd5+
Kxd5 53. Kg4 Ke6 54. Kxg5 Kf7 55. h4 Kg7 56. h5 Kh7 57. g4 Kg7 58. Kf5 Kh6 59.
Kxe4 Kg5 60. f3 Kh6 61. f4 Kh7 62. g5 Kg7 63. Ke5 Kh7 64. Ke6 Kg7 65. f5 Kh7 66.
h6 Kg8 67. Ke7 Kh7 68. f6 Kg8 69. f7+ Kh8 70. f8=Q+ Kh7 71. Qg7# {Black
checkmated} 1-0

[Event "Team 45 45 League T88"]
[Site "Internet Chess Club"]
[Date "2021.05.14"]
[Round "6"]
[White "Gojira"]
[Black "jaboti"]
[Result "0-1"]
[WhiteElo "1538"]
[BlackElo "1600"]
[Opening "Queen's pawn: Chigorin variation"]
[ECO "D00"]
[Time "18:01:18"]
[TimeControl "2700+45"]

1. d4 d5 2. Nc3 e6 3. Bf4 Nf6 4. e3 Bd6 5. Bd3 O-O 6. Nf3 b6 7. h4 Bxf4 8. exf4
c5 9. b3 Nbd7 10. Ne2 Bb7 11. Ne5 c4 12. Nxd7 Qxd7 13. bxc4 dxc4 14. Bxc4 Bxg2
15. Rg1 Bf3 16. Qd3 Bxe2 17. Kxe2 Nd5 18. Bxd5 exd5 19. Qg3 g6 20. h5 Qb5+ 21.
Kd2 Qb4+ 22. c3 Qb2+ 23. Kd3 Rfe8 24. Qf3 Rac8 25. Rgc1 Rxc3+ 26. Rxc3 Qxa1 27.
Qxd5 Qd1+ 28. Kc4 Rc8+ 29. Kb4 Qd2 30. Qb3 a5+ {White resigns} 0-1

[Event "Team 45 45 League T88"]
[Site "Internet Chess Club"]
[Date "2021.05.14"]
[Round "6"]
[White "OGO"]
[Black "cap78red"]
[Result "0-1"]
[WhiteElo "1226"]
[BlackElo "1458"]
[Opening "Grünfeld with e3 & Bd3"]
[ECO "D94"]
[Time "13:00:33"]
[TimeControl "2700+45"]

1. d4 Nf6 2. c4 g6 3. Nc3 Bg7 4. Nf3 O-O 5. e3 d5 6. Bd3 c5 7. O-O dxc4 8. Bxc4
cxd4 9. Nxd4 e5 10. Nf3 Bg4 11. Qxd8 Rxd8 12. Be2 Nc6 13. a3 Nd5 14. Nxd5 Rxd5
15. e4 Rd7 16. Be3 Bxf3 17. Bxf3 Nd4 18. Rad1 Rad8 19. Bxd4 exd4 20. Rd3 Rc7 21.
Bd1 Re7 22. Bb3 Rxe4 23. Rd2 d3 24. f3 Re2 25. Rf2 Bd4 26. Rxe2 dxe2 {White
resigns} 0-1

[Event "Team 45 45 League T88"]
[Site "Internet Chess Club"]
[Date "2021.05.17"]
[Round "6"]
[White "CMAlge"]
[Black "kingsrook"]
[Result "1-0"]
[WhiteElo "1292"]
[BlackElo "1120"]
[Opening "Sicilian: closed"]
[ECO "B23"]
[Time "14:00:58"]
[TimeControl "2700+45"]

1. e4 c5 2. Nc3 a6 3. a4 Nc6 4. f4 e6 5. Nf3 d6 6. d4 Nf6 7. d5 exd5 8. Nxd5
Nxd5 9. exd5 Nd4 10. Nxd4 Qe7+ 11. Be2 cxd4 12. Qxd4 Bg4 13. Qd1 Bxe2 14. Qxe2
Qxe2+ 15. Kxe2 Be7 16. Re1 O-O 17. Kd3 Rfe8 18. Be3 Rac8 19. a5 Bf6 20. c3 Re7
21. Re2 Rce8 22. Rae1 h6 23. Bd2 Re3+ 24. Rxe3 Rxe3+ 25. Rxe3 {Black resigns}
1-0

[Event "Team 45 45 League T88"]
[Site "Internet Chess Club"]
[Date "2021.05.15"]
[Round "6"]
[White "Constrictor"]
[Black "Pawnchain"]
[Result "1-0"]
[WhiteElo "1541"]
[BlackElo "1321"]
[Opening "Nimzovich-Larsen attack: modern variation"]
[ECO "A01"]
[Time "14:05:17"]
[TimeControl "2700+45"]

1. b3 e5 2. Bb2 Nc6 3. e3 d5 4. Bb5 Bd6 5. f4 f6 6. fxe5 fxe5 7. Qh5+ g6 8. Qe2
Ne7 9. Nf3 Bg4 10. h3 Bxf3 11. Qxf3 Rf8 12. Bxc6+ bxc6 13. Qg4 Qd7 14. Qxd7+
Kxd7 15. Nc3 e4 16. Ke2 Nf5 17. Ke1 Ng3 18. Rg1 Rf7 19. Ne2 Nf5 20. Rf1 Raf8 21.
g4 Bg3+ 22. Kd1 Nxe3+ 23. dxe3 Rxf1+ 24. Kd2 Bd6 25. Rxf1 {Black resigns} 1-0

[Event "Team 45 45 League T88"]
[Site "Internet Chess Club"]
[Date "2021.05.13"]
[Round "6"]
[White "Tjet"]
[Black "bardu"]
[Result "0-1"]
[WhiteElo "1304"]
[BlackElo "1340"]
[Opening "English opening"]
[ECO "A16"]
[Time "20:02:17"]
[TimeControl "2700+45"]

1. c4 Nf6 2. Nc3 g6 3. Nf3 Bg7 4. g3 O-O 5. Bg2 c5 6. O-O d5 7. cxd5 Nxd5 8.
Nxd5 Qxd5 9. Qb3 Qxb3 10. axb3 Nc6 11. Ne1 Nb4 12. Ra5 Na6 13. Rb5 Rb8 14. Nc2
b6 15. Bc6 Nc7 16. Na3 a6 {White resigns} 0-1

[Event "Team 45 45 League T88"]
[Site "Internet Chess Club"]
[Date "2021.05.13"]
[Round "6"]
[White "smsxman"]
[Black "xingon"]
[Result "1-0"]
[WhiteElo "1389"]
[BlackElo "1425"]
[Opening "Sicilian"]
[ECO "B50"]
[Time "20:02:14"]
[TimeControl "2700+45"]

1. e4 c5 2. Nf3 d6 3. Nc3 a6 4. Be2 Nc6 5. a3 Nf6 6. d4 cxd4 7. Nxd4 Bd7 8. Bg5
e6 9. O-O Be7 10. Nxc6 Bxc6 11. Bf3 O-O 12. Bf4 Qc7 13. Bg3 Rfd8 14. Re1 Rac8
15. Qe2 e5 16. Nd5 Nxd5 17. exd5 Bb5 18. c4 Qxc4 19. Qxc4 Bxc4 20. h3 Rc5 21. b4
Rb5 22. Rec1 Bxd5 23. Bxd5 Rxd5 24. a4 Kf8 25. f3 Bg5 26. Rc7 Rb8 27. Bf2 b5 28.
axb5 axb5 29. Raa7 Bh6 30. Rxf7+ Kg8 31. g4 Rf8 32. Rfb7 Rd1+ 33. Kg2 Rc8 34. g5
Bxg5 {Black resigns} 1-0

[Event "Team 45 45 League T88"]
[Site "Internet Chess Club"]
[Date "2021.05.15"]
[Round "6"]
[White "Visin"]
[Black "Ostap-Bender"]
[Result "0-1"]
[WhiteElo "1242"]
[BlackElo "1256"]
[Opening "French: advance, Paulsen attack"]
[ECO "B40"]
[Time "13:00:33"]
[TimeControl "2700+45"]

1. e4 c5 2. Nf3 e6 3. c3 d5 4. e5 Nc6 5. d4 cxd4 6. cxd4 Bb4+ 7. Nc3 Nge7 8. a3
Bxc3+ 9. bxc3 O-O 10. Bg5 h6 11. Bh4 Qa5 12. Qc2 b6 13. Bd3 Ng6 14. Bg3 Ba6 15.
O-O Bxd3 16. Qxd3 Rac8 17. Rfc1 Nce7 18. h3 Rc7 19. Nd2 Qa4 20. f3 Rfc8 21. Bf2
Nf4 22. Qe3 g5 23. h4 Nf5 24. Qe2 Nxe2+ {White resigns} 0-1

[Event "Team 45 45 League T88"]
[Site "Internet Chess Club"]
[Date "2021.05.16"]
[Round "6"]
[White "bobhill"]
[Black "MathBandit"]
[Result "0-1"]
[WhiteElo "1801"]
[BlackElo "1688"]
[Opening "Queen's bishop game"]
[ECO "D02"]
[Time "08:06:36"]
[TimeControl "2700+45"]

1. d4 d5 2. Nf3 Nf6 3. Bf4 e6 4. e3 c5 5. c3 Nc6 6. Bd3 Nh5 7. Bg5 Qb6 8. b3 h6
9. Bh4 g5 10. Bg3 Nxg3 11. hxg3 Bg7 12. Nbd2 Bd7 13. O-O O-O-O 14. a3 f5 15. b4
c4 16. Be2 Qc7 17. b5 Ne7 18. a4 Ng6 19. Qc2 g4 20. Nh2 h5 21. Rfb1 h4 22. Ndf1
hxg3 23. Nxg3 Rh6 24. Bxg4 fxg4 25. Nxg4 Rdh8 26. Nxh6 Rxh6 27. f4 Qd8 28. Kf2
Qf6 29. Qd2 e5 30. dxe5 Nxe5 31. Rh1 Nd3+ 32. Kg1 Rxh1+ 33. Nxh1 Qxc3 34. Qxc3
Bxc3 35. Ra2 Bb4 36. Ng3 Bg4 37. Kf1 Bc5 38. e4 d4 39. f5 Kd7 40. a5 Nb4 41. Ra1
c3 42. e5 Nd3 43. Ne4 Bxf5 44. Nxc5+ Nxc5 45. Ke2 c2 46. a6 b6 47. Rf1 Ke6 48.
Kf3 Nd3 49. g4 Bxg4+ 50. Ke4 c1=Q 51. Rxc1 Nxc1 52. Kxd4 Be2 53. Kc3 Bxb5 54.
Kc2 Ne2 {White resigns} 0-1

[Event "Team 45 45 League T88"]
[Site "Internet Chess Club"]
[Date "2021.05.16"]
[Round "6"]
[White "MrAbendroth"]
[Black "Rookmaster"]
[Result "0-1"]
[WhiteElo "1695"]
[BlackElo "1628"]
[Opening "Sicilian: Canal-Sokolsky (Nimzovich-Rossolimo, Moscow) attack"]
[ECO "B51"]
[Time "07:00:53"]
[TimeControl "2700+45"]

1. e4 c5 2. Nf3 d6 3. Bb5+ Nd7 4. c3 Nf6 5. Qe2 e5 6. O-O Be7 7. d4 O-O 8. d5 a6
9. Ba4 b5 10. Bc2 Bb7 11. h3 Qc7 12. Be3 Nxd5 13. exd5 Bxd5 14. Ng5 f5 15. f4
Bxg5 16. fxg5 e4 17. Nd2 Ne5 18. b3 c4 19. Bf4 Ng6 20. g3 Nxf4 21. Rxf4 cxb3 22.
Nxb3 Qxc3 23. Qh2 Kh8 24. Rc1 Bxb3 25. axb3 Qe3+ 26. Qf2 Qxc1+ 27. Kg2 e3 28.
Qe2 g6 29. Qd3 Qd2+ 30. Qxd2 exd2 31. Rd4 Rad8 32. Bd1 Rfe8 33. Rxd2 d5 34. Bf3
d4 35. Bb7 Rd6 36. h4 Re3 37. Rc2 Rc3 38. Re2 Rd8 39. Bxa6 d3 {White resigns}
0-1

[Event "Team 45 45 League T88"]
[Site "Internet Chess Club"]
[Date "2021.05.16"]
[Round "6"]
[White "Kingofknights"]
[Black "Redman1"]
[Result "0-1"]
[WhiteElo "1500"]
[BlackElo "1563"]
[Opening "QGD Slav: Czech defense"]
[ECO "D17"]
[Time "14:00:33"]
[TimeControl "2700+45"]

1. d4 d5 2. c4 c6 3. Nf3 Nf6 4. Nc3 dxc4 5. a4 Bf5 6. Bg5 Nbd7 7. e3 Qa5 8. Bxc4
e6 9. O-O Bb4 10. Bd3 Bxd3 11. Qxd3 O-O 12. Nd2 Qxg5 {White resigns} 0-1

[Event "Team 45 45 League T88"]
[Site "Internet Chess Club"]
[Date "2021.05.16"]
[Round "6"]
[White "room-matt"]
[Black "Goli"]
[Result "0-1"]
[WhiteElo "1842"]
[BlackElo "1784"]
[Opening "Caro-Kann: Goldman (Spielmann) variation"]
[ECO "B11"]
[Time "11:35:15"]
[TimeControl "2700+45"]

1. e4 c6 2. Nc3 d5 3. Qf3 dxe4 4. Nxe4 Nd7 5. d4 Ngf6 6. Bc4 e6 7. Bg5 Be7 8. h4
Qb6 9. O-O-O h6 10. Bf4 Nxe4 11. Qxe4 Nf6 12. Qe5 O-O 13. Bb3 a5 14. a3 a4 15.
Ba2 Ra5 16. Qe2 Nd5 17. Bxd5 cxd5 18. Nf3 Rb5 19. c3 Bxa3 20. Rd2 Rb3 21. Rc2
Bd7 22. Ne5 Bc6 23. Rh3 Be7 24. Ng4 a3 25. Nxh6+ Kh7 26. Qd3+ f5 27. Ng4 a2 28.
Kd2 Rxb2 29. Rh1 Ba4 30. Ne3 Bxc2 31. Nxc2 Rb1 32. Re1 Rxe1 33. Nxe1 a1=Q {White
resigns} 0-1

[Event "Team 45 45 League T88"]
[Site "Internet Chess Club"]
[Date "2021.05.16"]
[Round "6"]
[White "Egmont"]
[Black "cadmiumorange"]
[Result "0-1"]
[WhiteElo "1645"]
[BlackElo "1782"]
[Opening "Modern defense: Averbakh system, Kotov variation"]
[ECO "A40"]
[Time "09:00:27"]
[TimeControl "2700+45"]

1. d4 g6 2. c4 Bg7 3. Nc3 d6 4. e4 Nc6 5. Nge2 e5 6. d5 Nce7 7. f3 f5 8. Be3 Nf6
9. Qc2 a6 10. h3 O-O 11. g4 c6 12. Rg1 cxd5 13. cxd5 f4 14. Bf2 b5 15. Nc1 Bd7
16. b4 Rc8 17. Nb3 Nfxd5 18. exd5 Nxd5 {White resigns} 0-1

[Event "Team 45 45 League T88"]
[Site "Internet Chess Club"]
[Date "2021.05.16"]
[Round "6"]
[White "harrington"]
[Black "dalmata"]
[Result "1/2-1/2"]
[WhiteElo "1544"]
[BlackElo "1553"]
[Opening "French: King's Indian attack"]
[ECO "C00"]
[Time "11:15:59"]
[TimeControl "2700+45"]

1. e4 e6 2. d3 d5 3. Nd2 Nf6 4. Ngf3 c5 5. g3 Nc6 6. Bg2 Be7 7. O-O O-O 8. e5
Nd7 9. Re1 Qc7 10. Qe2 b6 11. h4 f6 12. exf6 Nxf6 13. c3 Bd6 14. d4 cxd4 15.
Nxd4 Nxd4 16. cxd4 Bd7 17. Nf3 Rac8 18. Ne5 Bxe5 19. dxe5 Ne4 20. Bf4 Qc2 21.
Bxe4 dxe4 22. Qxe4 Qxb2 23. Qe2 Qxe2 24. Rxe2 Bc6 25. Be3 Bd5 26. a4 Rc7 27. Rb2
Rfc8 28. Rb4 Rc4 29. Rxc4 Rxc4 30. a5 Rc6 31. f4 bxa5 32. Rxa5 a6 33. f5 Kf7 34.
Bd4 Bc4 35. f6 gxf6 36. exf6 Rd6 37. Be5 Rd5 38. Rxd5 Bxd5 39. Kf2 h5 40. Ke3
Bb3 41. Kf4 Bd1 42. Bc3 {Game drawn by mutual agreement} 1/2-1/2